 Dungeon Crawl Stone Soup version 0.23.0 (console) character file.

Game seed: 8147282805238778123

165235 Garrluk the Fetichist (level 16, -18/154 HPs)
             Began as a Deep Dwarf Berserker on Feb 17, 2019.
             Was an Elder of Trog.
             Demolished by an ettin
             ... wielding a cursed -3 dire flail
              (29 damage)
             ... on level 1 of the Depths.
             The game lasted 01:27:05 (10557 turns).

Garrluk the Fetichist (Deep Dwarf Berserker)       Turns: 10557, Time: 01:27:05

Health: -18/154    AC: 26    Str: 30    XL:     16   Next: 68%
Magic:  20/20      EV: 10    Int:  9    God:    Trog [****..]
Gold:   1117       SH:  7    Dex: 12    Spells: 15/15 levels left

rFire    . . .     SeeInvis .   m - +8 hand axe (vamp)
rCold    + . .     Gourm    .   v - +0 buckler {rPois}
rNeg     + . .     Faith    .   x - +1 shadow dragon scales
rPois    +         Spirit   .   Q - +2 hat
rElec    .         Reflect  .   n - +0 cloak
rCorr    .         Harm     .   N - +2 pair of gloves {Str+3}
MR       ++++.                  b - +0 pair of boots
Stlth    ++........             R - amulet of rage
HPRegen  1.00/turn              G - ring of protection from cold
MPRegen  0.17/turn              c - ring of poison resistance

@: non-regenerating
A: damage resistance, heal wounds, negative energy resistance 1, sense
surroundings 2, no regeneration
}: 2/15 runes: decaying, gossamer
a: Heal Wounds, Berserk, Trog's Hand, Brothers in Arms, Renounce Religion, Evoke
Berserk Rage


You were on level 1 of the Depths.
You worshipped Trog.
Trog was greatly pleased with you.
You were hungry.

You visited 5 branches of the dungeon, and saw 31 of its levels.
You also visited: Gauntlet.

You collected 1117 gold pieces.

Inventory:

Hand Weapons
 m - a +8 vampiric hand axe (weapon)
 r - a +3 broad axe of electrocution
 u - the +6 hand axe of Louchuyf {flame, rElec rC++ rN+ Str-2}
   (You found it on level 1 of the Depths)

   It has been specially enchanted to burn those struck by it, causing extra
   injury to most foes and up to half again as much damage against particularly
   susceptible opponents.
   Big, fiery blades are also staple armaments of hydra-hunters.
   It affects your strength (-2).
   It greatly protects you from cold.
   It insulates you from electricity.
   It protects you from negative energy.
 A - the +8 broad axe of Peace {venom, +Rage +Inv rF+ Str-2}
   (Trog gifted it to you on level 4 of the Spider Nest)

   It poisons the flesh of those it strikes.
   It affects your strength (-2).
   It protects you from fire.
   It lets you turn invisible.
   It lets you go berserk.
 H - a +3 antimagic battleaxe
 T - a +1 battleaxe of flaming
Armour
 b - a +0 pair of boots (worn)
 n - a +0 cloak (worn)
 v - a +0 buckler of poison resistance (worn)
 x - +1 shadow dragon scales (worn)
 J - the +0 pair of fencer's gloves {Riposte Dex+3}
   (You found it in a Gauntlet)

   It affects your dexterity (+3).
 N - a +2 pair of gloves of strength (worn)
 Q - a +2 hat (worn)
Jewellery
 c - a ring of poison resistance (right hand)
 F - a +2 ring of intelligence
 G - a ring of protection from cold (left hand)
 M - a +1 ring of protection
 R - an amulet of rage (around neck)
 Z - an uncursed ring of ice
Wands
 t - a wand of paralysis (7)
 y - a wand of digging (3)
 D - a wand of flame (8)
 Y - a wand of iceblast (1)
Scrolls
 e - 3 scrolls of enchant armour
 j - 2 scrolls of fear
 k - 3 scrolls of teleportation
 w - 5 scrolls of magic mapping
 z - a scroll of fog
 I - a scroll of summoning
 L - a scroll of blinking
Potions
 a - 2 potions of brilliance
 g - 3 potions of invisibility {unknown}
 h - 2 potions of mutation
 i - 2 potions of flight
 o - 2 potions of resistance
 q - 2 potions of agility {unknown}
 B - 2 potions of magic
 C - a potion of heal wounds
 E - a potion of haste
 U - 2 potions of ambrosia
 W - a potion of berserk rage
Miscellaneous
 d - a sack of spiders
 f - a lamp of fire
 p - a lamp of fire
 O - a phial of floods
Comestibles
 l - 3 chunks of flesh
 s - 10 rations


   Skills:
 + Level 12.5 Fighting
 * Level 16.7 Axes
 + Level 14.5 Armour
 - Level 2.1 Dodging
 + Level 11.7 Shields
 + Level 18.2 Evocations


You had 15 spell levels left.
You didn't know any spells.
Your spell library was empty.

Dungeon Overview and Level Annotations

Branches:
Dungeon (15/15)              Lair (6/6) D:10          Swamp (4/4) Lair:3
 Spider (4/4) Lair:2          Orc (0/2) D:9          Depths (2/5) D:15
 Temple: D:4-7        Slime: Lair:5-6    Vaults: D:13-14

Altars:
Ashenzari
Fedhas
Gozag
Okawaru
Trog

Shops:
D:4 }   D:8 (

Portals:
Hell: Depths:1

Annotations:
Lair:5 exclusion: oklob plant
Swamp:1 2 transporters, Nikola
Spider:3 exclusion: Roxanne, Roxanne


Innate Abilities, Weirdness & Mutations

You are resistant to damage.
You can heal yourself by infusing magical energy.
You resist negative energy. (rN+)
You passively map the area around you.
You do not regenerate.


Message History

The ettin is severely wounded.
You block the ettin's attack. x2
You hit the ettin.
The ettin is severely wounded.
You hit the ettin.
You feel better.
The ettin is severely wounded.
The ettin hits you but does no damage. You block the ettin's attack.
You slash the ettin!
The ettin is severely wounded.
Your skin crawls.
You feel resistant to hostile enchantments.
You are feeling hungry.
The ettin hits you with a cursed -3 dire flail!!
* * * LOW HITPOINT WARNING * * *
The ettin hits you with a +2 dire flail of protection!!
* * * LOW HITPOINT WARNING * * *
You slash the ettin!
You feel better.
The ettin is almost dead.
The ettin hits you with a cursed -3 dire flail!!
You die...

,. ##........≈≈...........,
..#..........≈≈.###......., ,
....##.##.......# ....... ,,
,..[.....#.......###.......
,................##........
**
,..........................
..........≈.................,
,,
.......≈≈≈≈.................
......(..≈..................,
...............C.††.........
.......#.†......@÷†..#......
*
.......##.##...##.####...u..
* .......#†..#####...#,
..u... .....#...8.......8..#*
.....*,**
.....#.#...#####...#.# ....#*
.......##.## ##.##...
........#.# #.# ..#, ,, ,
........#.# #.# ,,.# , ,,
........#.# , , ..#....##.# *
, *, , ..######.., , , *


You could see an ettin.

Vanquished Creatures
  4 thorn hunters (Swamp:4)
  A fire giant (D:15)
  2 ghost moths (Spider:4)
  6 emperor scorpions
  A stone giant (Depths:1)
  3 very ugly things
  4 entropy weavers
  A dire elephant (D:15)
  2 spark wasps (Spider:4)
  A fire dragon (Depths:1)
  A merfolk impaler (Depths:1)
  A great orb of eyes (D:15)
  4 centaur warriors
  A ghost crab (Swamp:3)
  11 hydras
  2 two-headed ogres
  2 catoblepae
  3 shambling mangroves
  9 alligators
  A tengu warrior (Gauntlet)
  An unseen horror (D:15)
  11 swamp dragons
  Pikel (D:7)
  A wolf spider zombie (D:15)
  6 orb spiders
  19 ugly things
  13 wolf spiders
  A manticore (D:15)
  A salamander (D:15)
  A cyclops (D:15)
  3 elephants (Lair:6)
  A moth of wrath (Spider:4)
  A gargoyle (D:15)
  2 guardian serpents
  19 spiny frogs
  3 centaur skeletons
  3 rime drakes
  3 komodo dragons
  5 demonic crawlers
  3 tengu conjurers
  13 jumping spiders
  A polar bear (Lair:5)
  9 tyrant leeches
  5 trolls
  8 hornets
  24 blink frogs
  A bog body (Swamp:1)
  A hippogriff (shapeshifter) (D:13)
  4 hippogriffs
  16 slime creatures
  10 dream sheep (Lair:6)
  2 spriggans
  2 wyverns
  A shadow (D:11)
  5 water elementals
  48 redbacks
  3 vampires
  4 basilisks
  19 yaks
  2 wraiths
  18 tarantellas
  A hog (Spider:4)
  28 vampire mosquitoes
  3 hungry ghosts
  5 insubstantial wisps
  8 swamp worms
  An acid dragon (D:11)
  8 water moccasins
  2 wargs (D:9)
  5 porcupines
  15 swamp drakes
  4 ice beasts
  5 sky beasts
  3 slaves (D:7)
  3 orc warriors
  15 wolves
  3 phantoms
  A centaur (D:7)
  3 boggarts
  4 ogres
  6 crocodiles
  3 big kobolds
  13 bullfrogs
  A gnoll sergeant (D:9)
  A wyvern skeleton (D:7)
  4 scorpions
  10 wights (D:12)
  2 howler monkeys (D:8)
  6 electric eels
  2 crimson imps
  2 centaur zombies
  4 bullfrog zombies
  4 orc priests
  4 bullfrog skeletons
  2 hounds
  3 orc wizards
  2 iguanas
  9 worker ants
  2 hound zombies (D:7)
  A hound skeleton (D:7)
  2 worker ant zombies (D:11)
  5 gnolls (D:9)
  3 howler monkey skeletons
  6 adders
  5 shadow imps
  2 white imps (Gauntlet)
  An adder zombie (D:8)
  An adder skeleton (D:7)
  A worm (Lair:2)
  A leopard gecko (D:7)
  22 orcs
  4 bats
  2 giant cockroaches (Lair:2)
  A goblin (D:1)
  3 hobgoblins
  11 jackals
  11 kobolds
  A quokka (D:7)
  A jackal skeleton (D:4)
  A leopard gecko zombie (D:9)
  4 rats
  A briar patch (Swamp:4)
  2 fungi (Lair:5)
  4 plants
647 creatures vanquished.

Vanquished Creatures (collateral kills)
  A minotaur (Gauntlet)
  4 hydras (Swamp:4)
  2 redbacks (Spider:4)
  2 swamp drakes (Swamp:4)
9 creatures vanquished.

Vanquished Creatures (others)
  A wizard (Gauntlet)
  A redback (Spider:2)
  A swamp worm (Swamp:3)
  A boggart (Depths:2)
  3 briar patches (Swamp:4)
  8 fungi
  41 plants
56 creatures vanquished.

Grand Total: 712 creatures vanquished

Notes
Turn   | Place    | Note
-------+----------+-------------------------------------------
     0 | D:1      | Garrluk the Deep Dwarf Berserker began the quest for the
                  | Orb.
     0 | D:1      | Reached XP level 1. HP: 20/20 MP: 1/1
   134 | D:1      | Reached XP level 2. HP: 16/27 MP: 2/2
   354 | D:3      | Reached XP level 3. HP: 33/33 MP: 3/3
   395 | D:4      | Noticed a scorpion
   404 | D:4      | Killed a scorpion
   404 | D:4      | Reached skill level 5 in Axes
   404 | D:4      | Reached XP level 4. HP: 40/40 MP: 4/4
   417 | D:4      | Found Votoxtu's Gadget Shop.
   421 | D:4      | Reached ** piety under Trog
   485 | D:4      | You fall through a shaft for 2 floors!
   488 | D:6      | Noticed a sky beast
   501 | D:6      | Killed a sky beast
   501 | D:6      | Reached XP level 5. HP: 35/46 MP: 5/5
   556 | D:5      | Entered Level 5 of the Dungeon
   589 | D:7      | Noticed a centaur
   589 | D:7      | Noticed a troll
   596 | D:7      | Killed a centaur
   596 | D:7      | Reached XP level 6. HP: 55/55 MP: 6/6
   596 | D:7      | Killed a troll
   596 | D:7      | Reached XP level 7. HP: 61/61 MP: 7/7
   654 | D:8      | Found Hariorphosod's Weapon Boutique.
   722 | D:8      | Found a blossoming altar of Fedhas.
   918 | D:8      | Noticed a troll
   930 | D:8      | Killed a troll
   930 | D:8      | Reached XP level 8. HP: 53/70 MP: 8/8
   964 | D:7      | Reached skill level 10 in Axes
  1089 | D:7      | Noticed Pikel
  1114 | D:7      | Killed Pikel
  1114 | D:7      | Reached skill level 5 in Armour
  1180 | D:7      | Noticed a two-headed ogre
  1190 | D:7      | Killed a two-headed ogre
  1190 | D:7      | Reached skill level 5 in Fighting
  1190 | D:7      | Gained mutation: You passively map the area around you.
                  | [Deep Dwarf growth]
  1190 | D:7      | Reached XP level 9. HP: 81/81 MP: 9/9
  1254 | D:7      | Reached *** piety under Trog
  1391 | D:8      | Found an opulent altar of Gozag.
  1564 | D:9      | Noticed a two-headed ogre
  1577 | D:9      | Killed a two-headed ogre
  1616 | D:9      | Reached XP level 10. HP: 83/91 MP: 10/10
  1634 | D:9      | Found a staircase to the Orcish Mines.
  1781 | D:9      | Found a bloodstained altar of Trog.
  1905 | D:9      | Noticed a green ugly thing
  1918 | D:9      | Killed a green ugly thing
  2022 | D:9      | Reached **** piety under Trog
  2026 | D:9      | Reached skill level 1 in Evocations
  2033 | D:9      | Reached skill level 2 in Evocations
  2159 | D:10     | Entered Level 10 of the Dungeon
  2189 | D:10     | Noticed a guardian serpent
  2199 | D:10     | Killed a guardian serpent
  2280 | D:10     | Reached skill level 3 in Evocations
  2314 | D:11     | Found an iron altar of Okawaru.
  2317 | D:11     | Noticed a centaur warrior
  2350 | D:11     | Killed a centaur warrior
  2350 | D:11     | Reached skill level 4 in Evocations
  2353 | D:11     | Reached XP level 11. HP: 74/100 MP: 12/14
  2524 | D:11     | Paralysed by a hornet for 3 turns
  2838 | D:10     | Reached skill level 5 in Evocations
  2910 | D:11     | Reached ***** piety under Trog
  3221 | D:11     | Noticed a green ugly thing
  3238 | D:11     | Killed a green ugly thing
  3407 | D:10     | Found a staircase to the Lair.
  3440 | Lair:1   | Entered Level 1 of the Lair of Beasts
  3450 | Lair:1   | Reached skill level 6 in Evocations
  3524 | Lair:2   | Received a gift from Trog
  3528 | Lair:2   | Reached skill level 7 in Evocations
  3574 | Lair:2   | Reached skill level 1 in Shields
  3601 | Lair:3   | Found a shattered altar of Ashenzari.
  3647 | Lair:3   | Reached skill level 8 in Evocations
  3656 | Lair:3   | Noticed a catoblepas
  3658 | Lair:3   | Found a staircase to the Swamp.
  3693 | Lair:3   | Killed a catoblepas
  3794 | Lair:4   | Found a gate leading to a gauntlet.
  3803 | Gauntlet | Entered a Gauntlet
  3803 | Gauntlet | Found a transporter.
  3803 | Gauntlet | Found a transporter.
  3803 | Gauntlet | Noticed a wizard
  3804 | Gauntlet | Found the +0 pair of fencer's gloves {Riposte Dex+3}
  3812 | Gauntlet | Found a runed translucent door.
  3813 | Gauntlet | Found a transporter.
  3814 | Gauntlet | Found a transporter.
  3816 | Gauntlet | Noticed a tengu warrior
  3829 | Gauntlet | Killed a wizard
  3871 | Gauntlet | Found a transporter.
  3880 | Gauntlet | Noticed a sixfirhy
  3888 | Gauntlet | Killed a tengu warrior
  3888 | Gauntlet | Reached skill level 9 in Evocations
  3888 | Gauntlet | Reached XP level 12. HP: 112/112 MP: 18/18
  3894 | Gauntlet | Found a transporter.
  3896 | Gauntlet | Noticed an entropy weaver
  3931 | Gauntlet | Found a transporter.
  3953 | Gauntlet | Killed an entropy weaver
  3953 | Gauntlet | Reached skill level 10 in Armour
  3973 | Gauntlet | Noticed a minotaur
  3995 | Gauntlet | Killed a minotaur
  4069 | Lair:4   | Reached skill level 10 in Evocations
  4271 | Lair:5   | Noticed a catoblepas
  4274 | Lair:5   | Noticed a four-headed hydra
  4278 | Lair:6   | Entered Level 6 of the Lair of Beasts
  4325 | Lair:6   | Reached skill level 11 in Evocations
  4334 | Lair:6   | Reached skill level 5 in Shields
  4571 | Lair:6   | Reached skill level 12 in Evocations
  4597 | Lair:6   | Reached XP level 13. HP: 121/121 MP: 20/20
  4774 | Lair:6   | Reached skill level 13 in Evocations
  4819 | Lair:5   | Reached skill level 10 in Fighting
  5396 | Lair:3   | Received a gift from Trog
  5590 | Lair:2   | Found a hole to the Spider Nest.
  5640 | Spider:1 | Entered Level 1 of the Spider Nest
  5694 | Spider:1 | Reached skill level 14 in Evocations
  5837 | Spider:2 | Noticed an entropy weaver
  5860 | Spider:2 | Killed an entropy weaver
  5895 | Spider:2 | Received a gift from Trog
  6055 | Spider:3 | Gained mutation: You resist negative energy. (rN+) [Deep
                  | Dwarf growth]
  6055 | Spider:3 | Reached XP level 14. HP: 118/133 MP: 22/22
  6111 | Spider:4 | Entered Level 4 of the Spider Nest
  6172 | Spider:4 | Noticed an emperor scorpion
  6197 | Spider:3 | Identified Roxanne's Tome of the Rocks
  6197 | Spider:3 | Noticed Roxanne
  6300 | Spider:3 | Killed an emperor scorpion
  6471 | Spider:4 | Reached skill level 15 in Evocations
  6562 | Spider:4 | Noticed an emperor scorpion
  6617 | Spider:4 | Killed an emperor scorpion
  6681 | Spider:4 | Noticed an entropy weaver
  6704 | Spider:4 | Killed an entropy weaver
  6750 | Spider:4 | Noticed an entropy weaver
  6770 | Spider:4 | Killed an entropy weaver
  6831 | Spider:4 | Noticed an emperor scorpion
  6846 | Spider:4 | Killed an emperor scorpion
  6846 | Spider:4 | Reached skill level 16 in Evocations
  7015 | Spider:4 | Received a gift from Trog
  7016 | Spider:4 | Got a scorched broad axe {god gift}
  7017 | Spider:4 | Identified the +8 broad axe of Peace {venom, +Rage +Inv rF+
                  | Str-2} (Trog gifted it to you on level 4 of the Spider
                  | Nest)
  7060 | Spider:4 | Noticed an emperor scorpion
  7085 | Spider:4 | Killed an emperor scorpion
  7104 | Spider:4 | Killed a ghost moth
  7114 | Spider:4 | Killed a ghost moth
  7144 | Spider:4 | Noticed an emperor scorpion
  7149 | Spider:4 | Noticed an emperor scorpion
  7158 | Spider:4 | Killed an emperor scorpion
  7164 | Spider:4 | Killed an emperor scorpion
  7164 | Spider:4 | Reached XP level 15. HP: 132/142 MP: 8/23
  7178 | Spider:4 | Got a gossamer rune of Zot
  7386 | Swamp:1  | Entered Level 1 of the Swamp
  7551 | Swamp:1  | Found a transporter.
  7553 | Swamp:1  | Noticed a thorn hunter
  7624 | Swamp:1  | Found a transporter.
  7693 | Swamp:1  | Reached skill level 10 in Shields
  7799 | Swamp:2  | Reached skill level 17 in Evocations
  7860 | Swamp:2  | Received a gift from Trog
  8196 | Swamp:3  | Reached skill level 15 in Axes
  8380 | Swamp:3  | Identified a scroll of acquirement
  8381 | Swamp:3  | Got a pair of ichor-stained gloves
  8393 | Swamp:3  | Identified the +0 pair of gloves of Impressiveness {Dex+2}
                  | (You acquired it on level 3 of the Swamp)
  8423 | Swamp:4  | Entered Level 4 of the Swamp
  8617 | Swamp:4  | Noticed a thorn hunter
  8647 | Swamp:4  | Killed a thorn hunter
  8756 | Swamp:4  | Noticed a thorn hunter
  8796 | Swamp:4  | Killed a thorn hunter
  8986 | Swamp:4  | Noticed a thorn hunter
  9084 | Swamp:4  | Noticed a thorn hunter
  9097 | Swamp:4  | Killed a thorn hunter
  9097 | Swamp:4  | Received a gift from Trog
  9097 | Swamp:4  | Reached XP level 16. HP: 152/152 MP: 21/21
  9103 | Swamp:4  | Killed a thorn hunter
  9164 | Swamp:4  | Got a decaying rune of Zot
  9242 | Swamp:1  | Noticed a tentacled monstrosity
  9270 | Swamp:1  | Noticed Nikola
  9674 | D:15     | Entered Level 15 of the Dungeon
 10159 | D:15     | Found a staircase to the Depths.
 10164 | Depths:1 | Entered Level 1 of the Depths
 10190 | Depths:1 | Found a gateway to Hell.
 10206 | Depths:1 | Reached skill level 18 in Evocations
 10369 | Depths:1 | Got a fine hand axe
 10370 | Depths:1 | Identified the +6 hand axe of Louchuyf {flame, rElec rC++
                  | rN+ Str-2} (You found it on level 1 of the Depths)
 10541 | Depths:2 | Noticed a shadow dragon
 10556 | Depths:1 | HP: 5/154 [ettin/cursed -3 dire flail (34)]
 10557 | Depths:1 | Demolished by an ettin

Skill      XL: |  1  2  3  4  5  6  7  8  9 10 11 12 13 14 15 16 |
---------------+-------------------------------------------------+-----
Axes           | 4 5 7 8 9 11 12 13 14 15 16 | 16.7
Fighting       | 3 5 6 7 8 9 10 11 12 | 12.5
Armour         | 3 5 7 8 9 11 12 13 14 | 14.5
Evocations     | 4 9 12 14 16 17 18 | 18.2
Shields        | 2 5 8 9 11 | 11.7
Dodging        | |  2.1

Action                   |  1- 3 |  4- 6 |  7- 9 | 10-12 | 13-15 | 16-18 || total
-------------------------+-------+-------+-------+-------+-------+-------++-------
Melee: Hand axe          |    71 |    64 |   251 |   942 |  1429 |   140 ||  2897
       Broad axe         |       |       |       |       |   128 |   209 ||   337
       Battleaxe         |       |       |       |       |    29 |    34 ||    63
Invok: Berserk           |     1 |     1 |     4 |    14 |    18 |     1 ||    39
       Trog's Hand       |       |       |       |     5 |    27 |    12 ||    44
       Brothers in Arms  |       |       |       |     2 |     1 |       ||     3
 Abil: Heal Wounds       |     1 |       |     1 |     7 |    27 |     5 ||    41
Evoke: Wand              |       |       |       |     9 |    31 |     5 ||    45
       Lamp of fire      |       |       |       |     1 |     4 |       ||     5
       Phial of floods   |       |       |       |       |     1 |       ||     1
       Sack of spiders   |       |       |       |       |     1 |       ||     1
  Use: Scroll            |       |       |       |     4 |    26 |    11 ||    41
       Potion            |       |       |       |       |     9 |       ||     9
 Stab: Paralysed         |       |       |       |     3 |    48 |       ||    51
       Confused          |       |       |       |       |     8 |       ||     8
  Eat: Ration            |     1 |       |       |       |     8 |     3 ||    12
       Chunk             |       |     1 |     9 |    30 |    27 |     7 ||    74
Armor: Animal skin       |     8 |       |       |       |       |       ||     8
       Scale mail        |    17 |    33 |    42 |       |       |       ||    92
       Plate armour      |       |       |    49 |   542 |  1381 |   175 ||  2147
       Skin              |       |       |       |       |    30 |       ||    30
       Shadow dragon sca |       |       |       |       |       |    59 ||    59
Dodge: Dodged            |    42 |    39 |    98 |   291 |   701 |   152 ||  1323
Block: Buckler           |       |       |       |   133 |   387 |    94 ||   614
       Shield            |       |       |       |       |   220 |       ||   220
       Rpst.: Hand axe   |       |       |       |     3 |       |       ||     3
